 Dungeon Crawl Stone Soup version 0.20.1-1-g8b1a95d (webtiles) character file.

185 KrissDaBro the Vexing (level 5, -2/40 HPs)
             Began as a Centaur Arcane Marksman on Oct 26, 2017.
             Shot with an arrow by a centaur (11 damage)
             ... on level 5 of the Dungeon.
             The game lasted 00:34:47 (3031 turns).

KrissDaBro the Vexing (Centaur Arcane Marksman)     Turns: 3031, Time: 00:34:51

Health: -2/40      AC:  7    Str: 12    XL:     5   Next: 37%
Magic:  4/7        EV:  8    Int: 12    God:
Gold:   166        SH:  0    Dex: 11    Spells: 4/7 levels left

rFire    . . .     SeeInvis .   v - +0 war axe
rCold    . . .     Gourm    +   (no shield)
rNeg     . . .     Faith    .   r - quicksilver dragon scales
rPois    .         Spirit   .   (no helmet)
rElec    .         Reflect  .   (no cloak)
rCorr    .         Harm     .   (no gloves)
MR       +....                  (no barding)
Stlth    ..........             u - amulet of the gourmand
Regen    0.2/turn               (no ring)
MPRegen  0.1/turn               (no ring)

@: very slightly contaminated, very quick
A: hooves 3, deformed body, speed 2, tough skin 3
a: no special abilities


You were on level 5 of the Dungeon.
You were not hungry.

You visited 1 branch of the dungeon, and saw 5 of its levels.

You collected 166 gold pieces.

Inventory:

Hand Weapons
 a - a +0 hand crossbow
 v - a +0 war axe (weapon)
Missiles
 p - 4 javelins (quivered)
 t - 38 arrows
Armour
 r - quicksilver dragon scales (worn)
Jewellery
 u - an amulet of the gourmand (around neck)
Wands
 k - a wand of flame (0/48)
 x - a wand of lightning (7/15)
Scrolls
 b - 3 scrolls of remove curse
 e - a scroll of fog
 g - a scroll of identify
 l - 3 scrolls of magic mapping
 s - a scroll of fear {unknown}
Potions
 d - 2 potions of brilliance {unknown}
 h - a potion of degeneration {unknown}
 i - 3 potions of agility {unknown}
 m - 2 potions of curing
 w - a potion of cancellation {unknown}
 z - a potion of might {unknown}
 A - 4 potions of flight {unknown}
Books
 c - a book of Debilitation

   Spells                             Type                      Level
   a - Corona                         Hexes                        1
   b - Slow                           Hexes                        2
   c - Inner Flame                    Hexes/Fire                   3
   d - Portal Projectile              Hexes/Translocation          3
   e - Cause Fear                     Hexes                        4
   f - Leda's Liquefaction            Hexes/Earth                  4
Comestibles
 f - 3 bread rations
 j - a royal jelly
 q - 2 meat rations


   Skills:
 + Level 1.5 Fighting
 + Level 0.3 Axes
 + Level 3.5 Crossbows
 + Level 1.3 Throwing
 + Level 0.4 Armour
 + Level 1.6 Dodging
 + Level 0.1 Stealth
 + Level 1.5 Spellcasting
 + Level 3.9 Hexes


You had 4 spell levels left.
You knew the following spells:

 Your Spells              Type           Power        Failure   Level  Hunger
a - Corona                Hex            ##.....      13%         1    ##.....
b - Slow                  Hex            ##......     21%         2    ###....


Dungeon Overview and Level Annotations

Branches:
Dungeon (5/15)
 Temple: D:4-7

Altars:
Makhleb
Vehumet

Annotations:
D:4 Erymatos's ghost, novice MiBe


Innate Abilities, Weirdness & Mutations

You have hooves in place of feet.
Armour fits poorly on your strangely shaped body.
You cover ground very quickly.
You have extremely tough skin. (AC +3)


Message History

Throwing (i - inventory):
p - 5 javelins (quivered)
Press: ? - help, Shift-Dir - straight line, f/p - centaur
Aim: a centaur, wielding a shortbow (softly glowing)
You throw a javelin.
The javelin hits the centaur but does no damage.
The centaur shoots an arrow.
The arrow hits you but does no damage.
The centaur shoots an arrow.
The arrow hits you!
* * * LOW HITPOINT WARNING * * *
The centaur shoots an arrow.
The arrow barely misses you.
Aiming: Lightning Bolt (will waste charges)
Press: ? - help, Shift-Dir - straight line, f/p - centaur
Aim: a centaur, wielding a shortbow (softly glowing)
You hear a mighty clap of thunder!
The bolt of lightning hits the centaur.
The centaur is heavily wounded.
Evoking this partially-identified wand wasted a few charges.
The centaur shoots an arrow.
The arrow hits you.
* * * LOW HITPOINT WARNING * * *
The centaur shoots an arrow.
The arrow hits you!
You die...

.. .. ..#.# .#.#
### ... ##.##
#.####.._#
#.#.c...(# #####
####(.(##@(_# ....#
#.......##.##
###.####.#.....####
......##.#..#..#
###.#.##.#.....#
....#.##.#.###.#.
.................#
.##.#..#.......###
.......##.######


You could see a centaur.

Vanquished Creatures
  A crimson imp (D:5)
  A hound (D:5)
  Terence (D:2)
  3 adders (D:3)
  An ooze (D:1)
  A worm (D:4)
  2 dart slugs (D:1)
  5 orcs
  3 bats
  3 giant cockroaches
  5 goblins
  4 hobgoblins
  6 jackals
  2 quokkas
  A ball python (D:2)
  3 frilled lizards
  8 kobolds
  11 rats
61 creatures vanquished.

Notes
Turn   | Place    | Note
-------+----------+-------------------------------------------
     0 | D:1      | KrissDaBro the Centaur Arcane Marksman began the quest for the Orb.
     0 | D:1      | Reached XP level 1. HP: 16/16 MP: 2/2
     2 | D:1      | Noticed a demonspawn
     2 | D:1      | Noticed a vine stalker
     4 | D:1      | Noticed a vampire
     6 | D:1      | Noticed an ogre
     6 | D:1      | Noticed a spriggan
     8 | D:1      | Noticed a formicid
     8 | D:1      | Noticed a troll
    10 | D:1      | Noticed a tengu
    12 | D:1      | Noticed a centaur
    12 | D:1      | Noticed a dwarf
    14 | D:1      | Noticed a felid
    14 | D:1      | Noticed a halfling
    16 | D:1      | Noticed an octopode
    16 | D:1      | Noticed a gargoyle
    18 | D:1      | Noticed a human
    18 | D:1      | Noticed an elf
    20 | D:1      | Noticed a draconian
    22 | D:1      | Noticed a demigod
    22 | D:1      | Noticed a minotaur
    24 | D:1      | Noticed a ghoul
    24 | D:1      | Noticed a naga
    26 | D:1      | Noticed a merfolk
   127 | D:1      | Reached XP level 2. HP: 21/23 MP: 1/3
   261 | D:1      | Learned a level 2 spell: Slow
   363 | D:1      | Reached XP level 3. HP: 22/28 MP: 1/4
   966 | D:2      | Noticed Terence
  1011 | D:2      | Killed Terence
  1258 | D:2      | Reached XP level 4. HP: 35/35 MP: 4/6
  1330 | D:2      | Found a faded altar of an unknown god.
  1335 | D:2      | Became a worshipper of Vehumet
  1335 | D:2      | Reached * piety under Vehumet
  1335 | D:2      | Offered knowledge of Sting by Vehumet.
  2227 | D:4      | Noticed Erymatos's ghost (novice MiBe)
  2624 | D:5      | Entered Level 5 of the Dungeon
  2631 | D:5      | Reached skill level 1 in Throwing
  2631 | D:5      | Reached XP level 5. HP: 38/40 MP: 7/7
  2707 | D:5      | Found a radiant altar of Vehumet.
  2707 | D:5      | Found a burning altar of Makhleb.
  2729 | D:5      | Fell from the grace of Vehumet
  3024 | D:5      | Noticed a centaur
  3031 | D:5      | Shot with an arrow by a centaur

Skill      XL: |  1  2  3  4 |
---------------+-------------+-----
Hexes          | 3 |  3.9
Crossbows      | 3 |  3.5
Throwing       | 1 |  1.3
Fighting       | |  1.5
Axes           | |  0.3
Armour         | |  0.4
Dodging        | |  1.6
Stealth        | |  0.1
Spellcasting   | |  1.5

Action                   |  1- 3 |  4- 6 || total
-------------------------+-------+-------++-------
Melee: Club              |    19 |       ||    19
       Kick              |     7 |     2 ||     9
       War axe           |       |    18 ||    18
 Fire: Hand crossbow     |    81 |    57 ||   138
Throw: Javelin           |     7 |     7 ||    14
       Throwing net      |     2 |     2 ||     4
 Cast: Corona            |    13 |    19 ||    32
       Slow              |     6 |     5 ||    11
Invok: Renounce Religion |       |     1 ||     1
Evoke: Wand              |       |     1 ||     1
  Use: Potion            |     1 |       ||     1
       Scroll            |       |     5 ||     5
  Eat: Fruit             |     2 |     4 ||     6
       Chunk             |       |     1 ||     1
       Royal jelly       |       |     1 ||     1
Armor: Robe              |     2 |       ||     2
       Quicksilver drago |     6 |    30 ||    36
       Scale mail        |     6 |       ||     6
Dodge: Dodged            |    31 |    26 ||    57
